Construct Infanterie Kompanie
Selects Mechanized Battlegroup
Selects Mechanized Battlegroup
Selects Mechanized Battlegroup
Construct Luftwaffe Kompanie
Flak 30 Anti-aircraft Gun Team
Selects Mobile Repair Stations
Flak 30 Anti-aircraft Gun Team
Luftwaffe Officer Quarters
Selects StuG Assault Group
Marder III M Tank Destroyer
Marder III M Tank Destroyer
Selects Wespe Self-propelled Artillery
Marder III M Tank Destroyer
Selects Zeroing Artillery Barrage
Marder III M Tank Destroyer
Zeroing Artillery Barrage
Marder III M Tank Destroyer
Zeroing Artillery Barrage
Selects Panther Heavy Tank
Zeroing Artillery Barrage